 Dungeon Crawl Stone Soup version 0.30-b1-2-g02819fbbbe (webtiles) character file.

Game seed: 12492740653420504055

50841 Metae the Blocker (level 14, -3/129 HPs)
             Began as a Minotaur Fighter on July 4, 2023.
             Was an Elder of Uskayaw.
             Shot with an arrow by Nessos (14 damage)
             ... on level 5 of the Lair of Beasts.
             The game lasted 01:04:56 (24118 turns).

Metae the Blocker (Minotaur Fighter)               Turns: 24118, Time: 01:05:05

Health: -3/129     AC: 22    Str: 32    XL:     14   Next: 21%
Magic:  19/19      EV: 15    Int:  5    God:    Uskayaw [****..]
Gold:   946        SH:  7    Dex: 10    Spells: 13/13 levels left

rFire   . . .        a - +3 whip (venom)
rCold   . . .        c - +0 buckler
rNeg    . . .        k - quicksilver dragon scales
rPois   .            (helmet restricted)
rElec   .            (no cloak)
rCorr   .            U - +2 pair of gloves "Sumn" {Will+}
SInv    .            (no boots)
Will    +++..        S - amulet of faith Stlth
                     T - +4 ring of protection
HPRegen 0.41/turn    O - +6 ring of strength
MPRegen 0.16/turn

%: faith
@: lethally poisoned (-3 -> -17), marked
A: horns 2, retaliatory headbutt
a: Renounce Religion, Stomp, Line Pass


You were on level 5 of the Lair of Beasts.
You worshipped Uskayaw.
Uskayaw was aware of your devotion.
You visited 3 branches of the dungeon, and saw 17 of its levels.

You collected 946 gold pieces.

Inventory:

Hand Weapons
 a - a +3 whip of venom (weapon)
 b - the +1 sling "Xynanan" {drain, rF+}
   (You found it on level 2 of the Dungeon)

   rF:        It protects you from fire.
Missiles
 l - 7 curare-tipped darts
 q - 84 poisoned darts
 r - 167 stones
 t - 6 javelins (quivered)
Armour
 c - a +0 buckler (worn)
 k - quicksilver dragon scales (worn)
 y - a +2 ring mail of poison resistance
 F - the +0 ring mail of Hysteria {rCorr Str+4}
   (You found it on level 3 of the Lair of Beasts)

   Str:       It affects your strength (+4).
   rCorr:     It protects you from acid and corrosion.
 I - a +0 plate armour
 U - the +2 pair of gloves "Sumn" (worn) {Will+}
   (You found it on level 4 of the Lair of Beasts)

   Will:      It increases your willpower.
Jewellery
 n - a ring of protection from fire
 x - a ring of positive energy
 H - a ring of protection from cold
 O - a +6 ring of strength (right hand)
 S - an amulet of faith (around neck)
 T - a +4 ring of protection (left hand)
Wands
 v - a wand of paralysis (17)
 E - a wand of flame (35)
 J - a wand of quicksilver (5)
 L - a wand of iceblast (13)
 M - a wand of mindburst (4)
 R - a wand of digging (3)
Scrolls
 f - 5 scrolls of fog
 i - a scroll of magic mapping
 j - a scroll of immolation
 m - 2 scrolls of amnesia
 p - 3 scrolls of enchant weapon
 s - 2 scrolls of vulnerability
 u - 7 scrolls of teleportation
 w - 4 scrolls of poison
 B - 3 scrolls of noise
 D - 2 scrolls of enchant armour
 K - a scroll of fear
 Q - a scroll of brand weapon
Potions
 d - 2 potions of might
 e - 4 potions of lignification
 g - 6 potions of curing
 h - 4 potions of heal wounds
 o - 3 potions of degeneration
 z - 5 potions of haste
 A - 4 potions of mutation
 C - a potion of cancellation {unknown}
 G - 3 potions of brilliance
 N - 3 potions of ambrosia
 P - 3 potions of resistance


   Skills:
 + Level 13.1 Fighting
 - Level 3.0(8.6) Axes
 + Level 12.5(12.6) Maces & Flails
 + Level 13.2 Armour
 + Level 11.7 Dodging
 + Level 13.2 Shields
 + Level 8.8 Invocations


You had 13 spell levels left.
You didn't know any spells.
Your spell library contained the following spells:

 Spells                   Type           Power      Damage    Failure   Level
 Sandblast                Erth           0%         2d4       58%         1
 Sting                    Tmut/Pois      0%         1d3       58%         1
 Summon Small Mammal      Summ           0%         N/A       58%         1
 Cigotuvi's Dreadful Rot  Necr/Pois/Air  0%         N/A       73%         2
 Passwall                 Tmut/Erth      0%         N/A       73%         2
 Poisonous Vapours        Pois/Air       0%         N/A       73%         2
 Sublimation of Blood     Necr           0%         N/A       73%         2
 Wereblood                Tmut           0%         N/A       73%         2
 Call Canine Familiar     Summ           0%         N/A       91%         3
 Dazzling Flash           Conj/Hex       0%         N/A       91%         3
 Ignite Poison            Fire/Tmut/Pois 0%         N/A       91%         3
 Ozocubu's Armour         Ice            0%         N/A       91%         3
 Stone Arrow              Conj/Erth      0%         3d7       91%         3
 Summon Guardian Golem    Hex/Summ       0%         N/A       91%         3
 Volatile Blastmotes      Fire/Tloc      0%         2d10      91%         3
 Fulminant Prism          Conj/Hex       0%         3d5       100%        4
 Iskenderun's Mystic Bla  Conj/Tloc      0%         2d3       100%        4
 Olgreb's Toxic Radiance  Pois           0%         N/A       100%        4
 Sticky Flame             Conj/Fire      0%         2d3       100%        4
 Freezing Cloud           Conj/Ice/Air   0%         6-21      100%        5
 Lee's Rapid Deconstruct  Erth           0%         3d4*      100%        5
 Starburst                Conj/Fire      0%         6d3       100%        6
 Ozocubu's Refrigeration  Ice            0%         4d7       100%        7
 Summon Hydra             Summ           0%         N/A       100%        7
 Ignition                 Fire           0%         3d3       100%        8


Dungeon Overview and Level Annotations

Branches:
Dungeon (11/15)            Temple (1/1) D:7            Lair (5/5) D:11
  Swamp (0/4) Lair:2        Snake (0/4) Lair:3          Orc (0/2) D:10
  Slime: Lair:4-5

Altars:
Ashenzari
Cheibriados
Dithmenos
Elyvilon
Fedhas
Gozag
Hepliaklqana
Kikubaaqudgha
Makhleb
Nemelex Xobeh
Okawaru
Qazlal
Ru
Sif Muna
Trog
Uskayaw
Vehumet
Wu Jian
Xom
Yredelemnul
Zin
The Shining One
Jiyva

Annotations:
Lair:5 Nessos


Innate Abilities, Weirdness & Mutations

You have a pair of horns on your head.
You reflexively headbutt those who attack you in melee.


Message History

You feel sick.
Nessos shoots an arrow.
The arrow barely misses you.
Nessos shoots an arrow.
The arrow hits you! The arrow burns you.
You are more poisoned.
You feel very sick.
Nessos gestures wildly while chanting.
Nessos blinks!
Nessos shoots an arrow.
The arrow hits you! The arrow burns you.
You are more poisoned.
An acid dragon comes into view.
Uskayaw prepares the audience for your solo!
The helpless rime drake fails to defend itself.
You hit the rime drake.
The rime drake is poisoned.
The rime drake is lightly wounded.
You feel very sick.
The helpless rime drake fails to defend itself.
You hit the rime drake.
The rime drake looks as sick as possible!
The rime drake is moderately wounded.
You feel sick.
The helpless rime drake fails to defend itself.
You whack the rime drake!
The rime drake looks as sick as possible!
You headbutt the rime drake!!
You kill the rime drake!
You feel sick.
Uskayaw will force your foes to share their pain.
You feel better.
The acid dragon is no longer paralysed.
The steam dragon is no longer paralysed.
Nessos is no longer paralysed.
Nessos shoots an arrow.
The arrow hits you but does no damage.
Nessos casts a spell.
Nessos blinks!
The acid dragon is no longer paralysed.
Nessos shoots an arrow.
You block the arrow.
Nessos shoots an arrow.
The arrow hits you!!
* * * LOW HITPOINT WARNING * * *
The arrow burns you!
You are poisoned.
* * * LOW HITPOINT WARNING * * *
Nessos shoots an arrow.
The arrow hits you!
You die...

.#.(...[......D.§#
.......#.##.#.D###
#......# ##†###
##...... #..#.###
# Y ....##
#.D..#.###.#
.#..###
##......... Y. .#
##.###.c.... ....#
#...#.###... ...#
#.#..@..# .#
###.....#.##
#.#......#
##...##.... #...#
.... ##...##....
#####........#.
#............#
#..............


You could see Nessos (fast).

Vanquished Creatures
  3 hydras
  2 catoblepae
  4 two-headed ogres
  The ghost of Vorhees the Zephyrmancer, a novice DrAE of Sif Muna (D:10)
  5 death yaks (Lair:3)
  Sonja (D:10)
  2 skysharks
  Nergalle (Lair:3)
  2 manticores
  2 ugly things
  10 elephants
  3 black mambas
  An ice statue (D:9)
  Joseph (D:7)
  16 cane toads
  A torpor snail (Lair:2)
  A gargoyle (D:9)
  3 rime drakes
  A kobold demonologist (D:11)
  11 komodo dragons
  3 polar bears
  A troll (D:9)
  A queen bee (D:10)
  Grinder (D:4)
  11 blink frogs
  A dream sheep (Lair:3)
  A slime creature (D:9)
  A shadow (D:10)
  A vampire (D:9)
  7 wyverns
  63 yaks
  A wraith (D:10)
  3 basilisks
  An acid dragon (Lair:5)
  4 nagas (Lair:3)
  21 water moccasins
  A black bear (D:7)
  2 orc warriors
  9 ice beasts
  5 ogres
  14 wolves
  2 centaurs
  A phantom (D:6)
  7 kobold brigands
  14 bullfrogs
  A gnoll sergeant (D:8)
  4 scorpions
  9 wights
  12 killer bees
  4 electric eels (D:9)
  A howler monkey (D:6)
  7 jellies
  6 hounds
  4 orc priests
  3 gnoll boudas
  4 sleepcaps
  5 iguanas
  Natasha (thrice) (D:2)
  9 orc wizards
  10 hell rats
  14 gnolls
  8 adders
  A white imp (D:6)
  4 ufetubi
  3 worms
  2 dart slugs (D:3)
  24 orcs
  2 ball pythons
  4 bats
  4 endoplasms
  5 giant cockroaches
  12 goblins
  3 hobgoblins
  3 jackals (D:4)
  26 kobolds
  4 quokkas
  6 frilled lizards
  6 rats
460 creatures vanquished.

Vanquished Creatures (others)
  29 fungi
  54 plants
83 creatures vanquished.

Grand Total: 543 creatures vanquished

Notes
Turn   | Place    | Note
-------+----------+-------------------------------------------
     0 | D:1      | Metae the Minotaur Fighter began the quest for the Orb.
     0 | D:1      | Reached XP level 1. HP: 19/19 MP: 0/0
    88 | D:1      | Reached XP level 2. HP: 27/27 MP: 1/1
   313 | D:1      | Found a faded altar of an unknown god.
   313 | D:1      | Noticed an eye of devastation
   316 | D:1      | Noticed a shining eye
   316 | D:1      | Noticed a great orb of eyes
   316 | D:1      | Noticed a great orb of eyes
   321 | D:1      | Reached skill level 1 in Dodging
   614 | D:2      | Reached XP level 3. HP: 33/33 MP: 2/2
   836 | D:2      | Found a basalt altar of Yredelemnul.
   970 | D:2      | Noticed Natasha
   978 | D:2      | Killed Natasha
   979 | D:2      | Reached XP level 4. HP: 33/40 MP: 3/3
  1013 | D:2      | Identified the +1 sling "Xynanan" {drain, rF+}
  1086 | D:2      | Noticed Natasha
  1091 | D:2      | Killed Natasha
  1092 | D:2      | Reached skill level 1 in Maces & Flails
  1097 | D:2      | Noticed Natasha
  1104 | D:2      | Killed Natasha
  1515 | D:3      | Found a glowing golden altar of the Shining One.
  1693 | D:3      | Reached XP level 5. HP: 47/47 MP: 4/4
  2117 | D:4      | Noticed Grinder
  2132 | D:4      | Killed Grinder
  2133 | D:4      | Reached skill level 5 in Fighting
  2133 | D:4      | Reached skill level 5 in Armour
  2133 | D:4      | Reached skill level 5 in Shields
  2133 | D:4      | Reached XP level 6. HP: 56/56 MP: 5/5
  2311 | D:4      | Found a stormy altar of Qazlal.
  2653 | D:5      | Entered Level 5 of the Dungeon
  2659 | D:5      | Reached XP level 7. HP: 54/61 MP: 6/6
  3602 | D:5      | Reached XP level 8. HP: 31/70 MP: 7/7
  3838 | D:5      | Found an iron altar of Okawaru.
  4108 | D:6      | Reached skill level 5 in Maces & Flails
  4111 | D:6      | Reached skill level 5 in Dodging
  4587 | D:6      | Reached XP level 9. HP: 79/79 MP: 8/8
  5347 | D:7      | Found a sparkling altar of Nemelex Xobeh.
  5373 | D:7      | Noticed Joseph
  5387 | D:7      | Killed Joseph
  5484 | D:7      | Found a flagged portal.
  5905 | D:7      | Found a staircase to the Ecumenical Temple.
  5914 | Temple   | Entered the Ecumenical Temple
  6327 | Temple   | Became a worshipper of Uskayaw the Reveller
  6362 | D:7      | Reached * piety under Uskayaw
  6366 | Temple   | Reached ** piety under Uskayaw
  7270 | D:8      | Reached skill level 1 in Invocations
  7411 | D:8      | Found a viscous altar of Jiyva.
  7450 | D:8      | Found a radiant altar of Vehumet.
  7463 | D:8      | Reached *** piety under Uskayaw
  7679 | D:8      | Reached XP level 10. HP: 84/90 MP: 10/10
  8024 | D:8      | Found a bloodstained altar of Trog.
  8177 | D:8      | Noticed a manticore
  8189 | D:8      | Killed a manticore
  8526 | D:9      | Found a blossoming altar of Fedhas.
  8542 | D:9      | Reached **** piety under Uskayaw
  8548 | D:9      | Reached ***** piety under Uskayaw
  8608 | D:9      | Noticed a red ugly thing
  8715 | D:9      | Killed a red ugly thing
  9294 | D:9      | Noticed a six-headed hydra
  9302 | D:9      | Killed a six-headed hydra
  9486 | D:9      | Noticed a gargoyle
  9508 | D:9      | Killed a gargoyle
  9995 | D:9      | Reached XP level 11. HP: 75/99 MP: 12/12
 10531 | D:10     | Entered Level 10 of the Dungeon
 10531 | D:10     | Noticed Sonja
 10919 | D:10     | Killed Sonja
 11320 | D:10     | Found a staircase to the Orcish Mines.
 11455 | D:10     | Noticed a two-headed ogre
 11461 | D:10     | Killed a two-headed ogre
 11462 | D:10     | Reached skill level 10 in Fighting
 11462 | D:10     | Reached skill level 10 in Armour
 11462 | D:10     | Reached skill level 10 in Shields
 11539 | D:10     | Found a transporter.
 11560 | D:10     | Noticed a two-headed ogre
 11574 | D:10     | Killed a two-headed ogre
 11600 | D:10     | Noticed Vorhees's ghost (novice DrAE)
 11721 | D:10     | Found a transporter.
 11914 | D:10     | Found a glowing silver altar of Zin.
 11914 | D:10     | Noticed an angel
 12427 | D:10     | Reached skill level 5 in Invocations
 12444 | D:10     | HP: 4/101 [poisoned by Vorhees's ghost]
 12445 | D:10     | Killed Vorhees's ghost
 12687 | D:10     | Identified the +2 great sword "Byitieg" {heavy, rElec
                  | Dex+4}
 12991 | D:11     | Reached ****** piety under Uskayaw
 12999 | D:11     | Found a staircase to the Lair.
 13097 | D:11     | Noticed a two-headed ogre
 13112 | D:11     | Killed a two-headed ogre
 13430 | D:11     | Noticed a green ugly thing
 13440 | D:11     | Killed a green ugly thing
 13441 | D:11     | Reached XP level 12. HP: 69/108 MP: 15/15
 13614 | D:11     | Identified the +7 trident "Pitzyh" {venom, rF+}
 13757 | D:11     | Reached skill level 10 in Maces & Flails
 14184 | D:11     | Noticed a two-headed ogre
 14193 | D:11     | Killed a two-headed ogre
 14475 | Lair:1   | Entered Level 1 of the Lair of Beasts
 14475 | Lair:1   | You fall into a shaft and drop 1 floor!
 14745 | Lair:2   | Noticed a seven-headed hydra
 14761 | Lair:2   | Killed a seven-headed hydra
 15382 | Lair:1   | Reached skill level 10 in Dodging
 17256 | Lair:2   | Found a staircase to the Swamp.
 17376 | Lair:2   | Reached XP level 13. HP: 89/117 MP: 17/17
 18146 | Lair:3   | Found a staircase to the Snake Pit.
 18826 | Lair:3   | Identified the +0 ring mail of Hysteria {rCorr Str+4}
 19313 | Lair:3   | Noticed Nergalle
 19332 | Lair:3   | Killed Nergalle
 19895 | Lair:3   | HP: 1/119 [death yak (9)]
 22441 | Lair:4   | Reached XP level 14. HP: 75/127 MP: 19/19
 22603 | Lair:4   | Identified the +2 pair of gloves "Sumn" {Will+}
 23092 | Lair:5   | Entered Level 5 of the Lair of Beasts
 23095 | Lair:5   | Noticed Nessos
 24118 | Lair:5   | Shot with an arrow by Nessos

Illustrated notes

Levels and vault maps discovered:
D:1:      lemuel_arrival_behind_the_door_small, layout_basic,
          hellmonk_ecumenical_altar_watching_god, hex_large, hex_tiny
D:2:      layout_loops_ring, basic_altar, uniq_natasha
D:3:      layout_loops_cross, mainiacjoe_overflow_boulevard,
          chequers_decorated_corner, minmay_between
D:4:      layout_cave_pools, grunt_qazlal_clouds, nicolae_titane, uniq_grinder
D:5:      layout_basic, okawaru_altar_gauntlet_db
D:6:      layout_cave_pods, minmay_joined_circles
D:7:      layout_basic, nemelex_xobeh_ov_fountains_minmay, temple_hall,
          enter_bailey_8, uniq_joseph
D:8:      layout_basic, lemuel_tele_altar, nicolae_vehumet_radiance,
          jiyva_altar_1
D:9:      minmay_twisted_water, layout_basic, fedhas_altar_3, kb_rosetta
D:10:     layout_loops_cross, zin_angel, david_orc_2, gammafunk_ghost_hive,
          uniq_sonja
D:11:     layout_gridville, minmay_lair_entry_grove, gauntlet_entry_generic
Temple:   minmay_temple_curvy_branch
Lair:1:   layout_loops_ring
Lair:2:   layout_long_grid, swamp_mist, hangedman_lair_unloving_vines,
          beast_lair_carwin_4, grunt_megastairs_2
Lair:3:   layout_regular_city, minmay_snake_entry_guardpost_large,
          minmay_shattered_shrine, grunt_megastairs_1, uniq_nergalle
Lair:4:   layout_regular_city, beast_lair_carwin_2
Lair:5:   hangedman_lair_in_review, layout_loops_ring, guppyfry_lair_end_dragon,
          nicolae_slime_entry_slimehenge, nicolae_quartered_pool_medium,
          uniq_nessos

Skill      XL: |  1  2  3  4  5  6  7  8  9 10 11 12 13 14 |
---------------+-------------------------------------------+-----
Dodging        | 1 2 3 4 5 6 8 9 10 11 | 11.7
Fighting       | 4 5 6 7 8 9 10 11 12 13 | 13.1
Armour         | 4 5 6 7 8 9 10 11 13 | 13.2
Shields        | 4 5 6 7 8 9 10 11 13 | 13.2
Axes           | 3 |  3.0
Maces & Flails | 1 3 4 5 7 8 9 11 12 | 12.5
Invocations    | 1 3 5 7 8 |  8.8

Action                     |  1- 3 |  4- 6 |  7- 9 | 10-12 | 13-15 || total
---------------------------+-------+-------+-------+-------+-------++-------
  Melee: War axe           |    51 |       |       |       |       ||    51
         Headbutt          |     3 |    12 |    78 |   225 |   172 ||   490
         Whip              |     7 |    91 |   395 |   813 |   576 ||  1882
   Fire: Sling             |       |       |       |       |     5 ||     5
  Throw: Javelin           |       |       |       |     5 |     1 ||     6
 Invoke: Stomp             |       |       |       |       |     2 ||     2
  Evoke: Wand              |       |       |       |     8 |    12 ||    20
    Use: Scroll            |       |       |       |    19 |     7 ||    26
         Potion            |       |       |       |     8 |     2 ||    10
   Stab: Distracted        |       |       |     1 |       |       ||     1
         Paralysed         |       |       |     2 |    68 |    54 ||   124
         Petrified         |       |       |       |       |     6 ||     6
 Armour: Scale mail        |    18 |       |       |       |       ||    18
         Quicksilver drago |     2 |    30 |   131 |   114 |   108 ||   385
         Ring mail         |       |       |       |    82 |    19 ||   101
  Dodge: Dodged            |    32 |    51 |   192 |   358 |   208 ||   841
  Block: Buckler           |    13 |    13 |    77 |   204 |   125 ||   432
